 Dungeon Crawl Stone Soup version 0.17-a0-1767-gccbed74 (webtiles) character file.

75 luca467 the Insei (level 4, 0/31 HPs)
             Began as an Octopode Monk on Sept 6, 2015.
             Succumbed to an adder's poison
             ... on level 2 of the Dungeon.
             The game lasted 00:08:10 (1589 turns).

luca467 the Insei (Octopode Monk)                   Turns: 1589, Time: 00:08:10

Health: 0/31       AC:  1    Str: 10    XL:     4   Next: 31%
Magic:  4/4        EV: 13    Int: 12    God:
Gold:   78         SH:  0    Dex: 15    Spells: 0 memorised, 3 levels left

rFire  . . .     SeeInvis .       - Unarmed
rCold  . . .     Clarity  .     (no shield)
rNeg   . . .     SustAt   .     (helmet restricted)
rPois  .         Gourm    .     (no amulet)
rElec  .         Spirit   .     (no ring)
rCorr  .         Warding  .     (no ring)
rMut   .         Stasis   .     (no ring)
MR     .....                    (no ring)
Stlth  ++++......               (no ring)
                                (no ring)
                                (no ring)
                                (no ring)

@: lethally poisoned (0 -> -11), drained, not resistant to hostile enchantments,
stealthy
A: almost no armour, amphibious, 8 rings, constrict 8, camouflage 1, gelatinous
body 1
a: no special abilities


You were on level 2 of the Dungeon.
You were not hungry.

You visited 1 branch of the dungeon, and saw 2 of its levels.

You collected 78 gold pieces.

Inventory:

Scrolls
 c - a scroll of remove curse {unknown}
 d - a scroll of identify {unknown}
 e - a scroll of enchant armour {unknown}
 f - a scroll of blinking {unknown}
 i - a scroll of recharging {unknown}
Potions
 b - a potion of curing {unknown}
 g - a potion of ambrosia {unknown}
 h - a potion of brilliance {unknown}
Comestibles
 a - 2 bread rations
 j - a chunk of flesh


   Skills:
 + Level 3.3(3.0) Fighting
 + Level 3.3(3.0) Dodging
 + Level 3.4(3.1) Stealth
 + Level 5.0(4.7) Unarmed Combat


You had 3 spell levels left.
You didn't know any spells.

Dungeon Overview and Level Annotations

Branches:
Dungeon (2/15)

Altars:
Makhleb
Yredelemnul


Innate Abilities, Weirdness & Mutations

You cannot wear most types of armour.
You are amphibious.
You can wear up to eight rings at the same time.
You can use your tentacles to constrict eight enemies at once.
Your skin changes colour to match your surroundings (Stealth).
Your rubbery body absorbs attacks (AC +1).


Message History

The adder poisons you! The goblin closely misses you. The adder bites you.
You are lethally poisoned!
The adder poisons you!
You closely miss the adder. Your grab misses the adder. You squeeze the adder.
The adder is heavily wounded.
You constrict the adder.
You feel sick. The adder bites you.
* * * LOW HITPOINT WARNING * * *
The goblin hits you.
* * * LOW HITPOINT WARNING * * *
The adder misses you. The adder bites you.
* * * LOW HITPOINT WARNING * * *
You release your grip on the adder.
* * * LOW HITPOINT WARNING * * *
You feel sick. The rat bites you.
* * * LOW HITPOINT WARNING * * *
The goblin hits you but does no damage.
* * * LOW HITPOINT WARNING * * *
You feel sick. The adder bites you but does no damage.
There is an open door here.
You die...

#.#.#..##.......#....#....#
#...#...#....._.######....####
#########......................+
.............⌠............####.#
#########.................#
##...#####._..............#
##.....# #................#
####.#.####..................
.....#......##..@......#+###.
.###############'##........ #
...# .......SSr##.#####.# ...#
........g###.. .. ####
.......g.# #### # ..........
..?........ ..........##
...........


You could see an adder, a hobgoblin, a goblin and a rat.

Vanquished Creatures
  Terence (D:2)
  2 adders (D:2)
  An ooze (D:2)
  2 giant geckos (D:1)
  A goblin (D:1)
  3 hobgoblins
  3 jackals (D:1)
  3 kobolds
  A ball python (D:1)
  3 bats
  8 rats
28 creatures vanquished.

Notes
Turn   | Place    | Note
--------------------------------------------------------------
     0 | D:1      | luca467 the Octopode Monk began the quest for the Orb.
     0 | D:1      | Reached XP level 1. HP: 16/16 MP: 1/1
   327 | D:1      | Reached XP level 2. HP: 15/21 MP: 2/2
  1053 | D:2      | Reached XP level 3. HP: 21/26 MP: 3/3
  1059 | D:2      | Found a burning altar of Makhleb.
  1059 | D:2      | Found a basalt altar of Yredelemnul.
  1126 | D:2      | Found a faded altar to an unknown god.
  1223 | D:2      | Noticed Terence
  1294 | D:2      | Killed Terence
  1294 | D:2      | Reached skill level 5 in Unarmed Combat
  1294 | D:2      | Reached XP level 4. HP: 11/31 MP: 4/4
  1588 | D:2      | HP: 1/31 [poisoned by an adder]
  1589 | D:2      | Succumbed to an adder's poison

Vault maps used:
D:1:      dpeg_arrival_ratfight, kennysheep_small_spiral, minmay_misc_feat_tower
D:2:      grunt_temple_overflow_open, first_bread, ecumenical_altar_2,
          dk_yredelemnul_ordeal, uniq_terence

Action                   |  1- 3 |  4- 6 || total
-------------------------+-------+-------++-------
Melee: Unarmed           |    58 |    13 ||    71
 Stab: Sleeping          |     4 |     2 ||     6
  Eat: Chunk             |     1 |     1 ||     2
